 Dungeon Crawl Stone Soup version 0.30-a0-1155-gf8af5b4991 (webtiles) character file.

Game seed: 15371140020591879215

25634 CryoSword the Stormcaller (level 13, -6/76 HPs)
             Began as a Tengu Air Elementalist on Apr 24, 2023.
             Was a Priest of Sif Muna.
             Mangled by a skyshark (20 damage)
             ... on level 3 of the Lair of Beasts.
             The game lasted 00:32:49 (18701 turns).

CryoSword the Stormcaller (Tengu Air Elementalist) Turns: 18701, Time: 00:32:50

Health: -6/76      AC: 20    Str:  9    XL:     13   Next: 20%
Magic:  3/20       EV: 15    Int: 20    God:    Sif Muna [***...]
Gold:   1451       SH:  0    Dex: 21    Spells: 2/20 levels left

rFire   . . .        I - +2 short sword (venom)
rCold   + . .        (no shield)
rNeg    . . .        E - +7 Kryia's mail coat {PotionHeal*2 rC+}
rPois   +            x - +2 hat
rElec   .            p - +1 cloak {rPois}
rCorr   .            D - +0 pair of gloves
SInv    .            (boots unavailable)
Will    .....        o - amulet of regeneration
Stlth   ++           e - +6 ring of dexterity
HPRegen 1.12/turn    (no ring)
MPRegen 0.17/turn

%: no passive effects
@: flying quickly and evasively, quick
A: beak, talons 3, nimble flight
a: Renounce Religion, Channel Magic, Forget Spell


You were on level 3 of the Lair of Beasts.
You worshipped Sif Muna.
Sif Muna was most pleased with you.
You visited 3 branches of the dungeon, and saw 16 of its levels.
You also visited: Bailey.

You collected 1601 gold pieces.
You spent 150 gold pieces at shops.

Inventory:

Hand Weapons
 I - a +2 short sword of venom (weapon)
   (You took it off a kobold on level 8 of the Dungeon)
Missiles
 i - 13 curare-tipped darts (quivered)
Armour
 p - a +1 cloak of poison resistance (worn)
   (You bought it in a shop on level 5 of the Dungeon)
 x - a +2 hat (worn)
   (You found it on level 5 of the Dungeon)
 D - a +0 pair of gloves (worn)
   (You found it on level 6 of the Dungeon)
 E - the +7 Kryia's mail coat (worn) {PotionHeal*2 rC+}
   (You found it on level 10 of the Dungeon)

   PotionHeal*2: Potions heal its wearer twice as much.
   rC:        It protects you from cold.
 G - a +0 tower shield
   (You found it on level 8 of the Dungeon)
Jewellery
 e - a +6 ring of dexterity (left hand)
   (You took it off a kobold on level 8 of the Dungeon)
 o - an amulet of regeneration (around neck)
   (You found it on level 2 of the Dungeon)
 F - a ring of ice
   (You found it on level 8 of the Dungeon)
Wands
 g - a wand of digging (4)
   (You found it on level 11 of the Dungeon)
 q - a wand of iceblast (39)
   (You found it on level 2 of the Dungeon)
Scrolls
 c - a scroll of fog
 f - 3 scrolls of magic mapping
 h - 2 scrolls of teleportation {@r4}
 m - a scroll of poison
 y - a scroll of fear
Potions
 a - a potion of ambrosia {unknown}
 b - 3 potions of magic
 d - a potion of invisibility
 j - 2 potions of flight {unknown}
 l - 2 potions of heal wounds {@q2}
 n - 2 potions of brilliance {unknown}
 s - 2 potions of might {unknown}
 t - 4 potions of curing {@q1}
 u - a potion of mutation {unknown}
 v - a potion of lignification {unknown}
 w - 5 potions of attraction {!q}
 z - a potion of haste {unknown}
 J - a potion of degeneration {unknown}
Miscellaneous
 k - a phantom mirror
   (You found it on level 2 of the Lair of Beasts)


   Skills:
 + Level 7.3 Fighting
 * Level 7.0 Armour
 + Level 9.7 Dodging
 - Level 5.0 Stealth
 + Level 4.1 Spellcasting
 - Level 8.0 Conjurations
 * Level 7.1 Fire Magic
 * Level 16.1 Air Magic
 + Level 6.9 Invocations


You had 2 spell levels left.
You knew the following spells:

 Your Spells              Type           Power      Damage    Failure   Level
a - Plasma Beam           Fire/Air       25%        2x1d41    71%         6
b - Arcjolt               Conj/Air       25%        1d35      16%         5
c - Airstrike             Air            31%        2d(5-21)  1%          4
S - Swiftness             Air            62%        N/A       1%          3

Your spell library contained the following spells:

 Spells                   Type           Power      Damage    Failure   Level
 Shock                    Conj/Air       100%       1d9       1%          1
 Static Discharge         Conj/Air       100%       2-7/arc   1%          2
 Necrotise                Necr           16%        1d4       61%         1
 Vhi's Electric Charge    Tloc/Air       72%        N/A       9%          3
 Portal Projectile        Hex/Tloc       8%         N/A       93%         3
 Tukima's Dance           Hex            4%         N/A       93%         3
 Animate Dead             Necr           4%         N/A       100%        4
 Blade Hands              Tmut           2%         N/A       100%        5
 Haunt                    Necr/Summ      2%         N/A       100%        7
 Infestation              Necr           2%         N/A       100%        8


Dungeon Overview and Level Annotations

Branches:
Dungeon (12/15)            Temple (1/1) D:6            Lair (3/5) D:11
  Snake (0/4) Lair:2          Orc (0/2) D:10         Bailey (visited)
  Swamp: Lair:2-3    Shoals: Lair:2-3

Altars:
Ashenzari
Cheibriados
Dithmenos
Elyvilon
Fedhas
Gozag
Hepliaklqana
Kikubaaqudgha
Makhleb
Nemelex Xobeh
Okawaru
Qazlal
Ru
Sif Muna
Trog
Uskayaw
Vehumet
Wu Jian
Xom
Yredelemnul
Zin
The Shining One

Shops:
D:5 [

Portals:
Gauntlet: Lair:3

Annotations:
D:11 2 transporters, kush's ghost, journeyman TeAE


Innate Abilities, Weirdness & Mutations

You have a beak for a mouth.
You have claws for feet.
Your magical nature lets you fly swiftly and evasively.


Message History

The blink frog misses you.
The blink frog hits you but does no damage.
You closely miss the blink frog. Your peck misses the blink frog.
The blink frog closely misses you.
You closely miss the blink frog. Your kick misses the blink frog.
The blink frog barely misses you. x2
You closely miss the blink frog. Your kick misses the blink frog.
The blink frog hits you but does no damage.
You closely miss the blink frog. Your kick misses the blink frog.
Your peck misses the blink frog. The blink frog misses you.
You barely miss the blink frog. Your kick misses the blink frog.
The blink frog closely misses you.
The blink frog blinks!
Your magical contamination has completely faded away.
Electricity surges outward!
The blink frog is struck by an electric surge!
You kill the blink frog!
Sif Muna accepts your kill.
You hear the loud beating of a drum nearby.
You hear the thunderous beating of a drum nearby.
Found a gate leading to a gauntlet.
A cane toad comes into view.
You see here 20 gold pieces.
A cane toad is nearby!
A cane toad is nearby!
A cane toad is nearby!
You see here 20 gold pieces.
The cane toad croaks.
You see here 20 gold pieces.
You now have 1451 gold pieces (gained 20).
You closely miss the cane toad. You peck the cane toad.
The cane toad misses you.
You barely miss the cane toad. Your kick misses the cane toad.
You peck the cane toad. The cane toad barely misses you.
You hit the cane toad but do no damage. You claw the cane toad.
You peck the cane toad, but do no damage.
Your punch misses the cane toad. The cane toad stings you.
You hit the cane toad.
The cane toad is poisoned.
You claw the cane toad. The cane toad stings you.
You hit the cane toad but do no damage. You claw the cane toad.
The cane toad barely misses you. The cane toad stings you.
You puncture the cane toad!
You claw the cane toad, but do no damage.
The cane toad barely misses you.
Electricity surges outward!
The cane toad is struck by an electric surge!!
You kill the cane toad!
Sif Muna accepts your kill.
You hear an angry hiss.
Your Armour skill increases to level 7!
A basilisk comes into view.
You see here 16 gold pieces.
A skyshark comes into view.
Aim: a basilisk (empty space bonus: 7/8)
The air twists around and strikes the basilisk!!
The basilisk gazes at you.
You easily resist.
Aim: a basilisk (heavily wounded, empty space bonus: 6/8)
The air twists around and strikes the basilisk.
Aim: a basilisk (severely wounded, empty space bonus: 7/8)
The air twists around and strikes the basilisk.
The basilisk gazes at you.
You are slowing down.
The basilisk gazes at you.
You easily resist.
Your limbs are stiffening.
You see here 16 gold pieces.
Unknown command.
You hit the skyshark but do no damage. You claw the skyshark.
You peck the skyshark, but do no damage.
The basilisk gazes at you.
You easily resist.
The skyshark closely misses you.
The skyshark tail-slaps you but does no damage.
The skyshark barely misses you. The basilisk gazes at you.
You easily resist.
You have turned to stone.
The skyshark bites you but does no damage.
The skyshark tail-slaps you but does no damage. x2
The basilisk gazes at you.
The skyshark bites you but does no damage.
The skyshark tail-slaps you but does no damage. x2
The skyshark completely misses you.
The skyshark tail-slaps you but does no damage. x2
The skyshark bites you but does no damage.
The skyshark tail-slaps you but does no damage.
The skyshark tail-slaps you. The basilisk bites you.
The skyshark bites you but does no damage.
The skyshark tail-slaps you. x2; The basilisk bites you.
The skyshark bites you!
The skyshark tail-slaps you but does no damage. x2
The basilisk barely misses you. The skyshark bites you!
The skyshark tail-slaps you but does no damage.
The skyshark tail-slaps you. The basilisk gazes at you.
You easily resist.
The skyshark bites you!
The skyshark tail-slaps you but does no damage. x2
The basilisk bites you but does no damage.
You turn to flesh and can move again.
Unknown command.
Unknown command.
Electricity surges outward!
The basilisk is struck by an electric surge!!
You kill the basilisk!
Sif Muna accepts your kill.
The skyshark is struck by an electric surge!!
The skyshark bites you but does no damage.
The skyshark tail-slaps you but does no damage.
The skyshark completely misses you.
You hit the skyshark.
The skyshark is poisoned.
You claw the skyshark. The skyshark misses you.
The skyshark closely misses you.
The skyshark tail-slaps you but does no damage.
You hit the skyshark but do no damage.
The skyshark looks as sick as possible!
The skyshark bites you but does no damage.
The skyshark misses you. The skyshark closely misses you.
You hit the skyshark.
The skyshark looks as sick as possible!
You claw the skyshark, but do no damage.
You peck the skyshark, but do no damage.
The skyshark bites you but does no damage.
The skyshark barely misses you. The skyshark closely misses you.
You hit the skyshark.
The skyshark looks as sick as possible!
You claw the skyshark.
You peck the skyshark, but do no damage.
The skyshark closely misses you.
The skyshark tail-slaps you but does no damage. x2
You barely miss the skyshark.
You claw the skyshark, but do no damage.
The skyshark bites you but does no damage.
The skyshark tail-slaps you! The skyshark closely misses you.
You completely miss the skyshark. The skyshark bites you!
The skyshark tastes blood and grows stronger!
The skyshark tail-slaps you. The skyshark misses you.
You hit the skyshark. You claw the skyshark. Your peck misses the skyshark.
You hear the thunderous beating of a drum.
The skyshark bites you!!
* * * LOW HITPOINT WARNING * * *
The skyshark enters a blood-rage!
The skyshark tail-slaps you but does no damage. x2
The skyshark attacks as you move away! The skyshark bites you.
* * * LOW HITPOINT WARNING * * *
The skyshark completely misses you.
The skyshark tail-slaps you but does no damage.
The skyshark completely misses you. The skyshark tail-slaps you.
* * * LOW HITPOINT WARNING * * *
The skyshark tail-slaps you.
* * * LOW HITPOINT WARNING * * *
You hit the skyshark but do no damage.
The skyshark looks as sick as possible!
Your kick misses the skyshark. Your peck misses the skyshark.
The skyshark bites you!!
You die...

... .......#.# ...## .......#
#....###.....##
.#.......#..∩...# ...
#..⌠.......# ....###........#
#...#.........#......##
##.............l.......#
#...#.........@.......##
.<....P######.####...# ##
.....P# #P.###P...##
.#####..[.# #...###....#
#.#......## #...###....#####
.........P#####..###....#.#PP##
.........##..##...##...........
..........†..>...####........
....##.#####.....##.#..........


You could see a skyshark (berserk, extremely poisoned).

Vanquished Creatures
  Gastronok (Lair:2)
  Erolcha (D:11)
  5 hydras (Lair:2)
  An ice dragon (D:11)
  A catoblepas (Lair:3)
  Amaemon (Lair:2)
  Pikel (D:8)
  5 elephants (Lair:2)
  2 manticores (D:11)
  An orange demon (Lair:2)
  4 cane toads
  A torpor snail (Lair:2)
  Psyche (D:9)
  A rime drake (D:11)
  A kobold demonologist (D:11)
  4 komodo dragons
  A hornet (D:10)
  2 trolls (D:9)
  11 blink frogs
  A shadow (D:9)
  18 yaks
  2 wyverns
  A basilisk (Lair:3)
  A vampire (D:11)
  2 steam dragons
  An acid dragon (D:10)
  6 water moccasins
  11 orc warriors
  A black bear (D:6)
  A sky beast (D:7)
  7 ice beasts (D:11)
  An ogre (D:5)
  4 wolves (D:11)
  5 centaurs
  A lemure (D:8)
  7 kobold brigands
  12 bullfrogs
  2 scorpions
  10 killer bees
  An electric eel (D:10)
  4 howler monkeys (D:10)
  4 jellies
  2 hounds
  6 orc priests
  2 sleepcaps
  Natasha (twice) (D:2)
  A gnoll bouda (D:9)
  Terence (D:2)
  4 iguanas
  7 orc wizards
  13 gnolls
  5 adders
  A white imp (D:8)
  2 ufetubi (D:5)
  4 dart slugs (D:2)
  32 orcs
  5 bats
  2 endoplasms
  5 giant cockroaches
  11 goblins
  6 hobgoblins
  9 quokkas
  6 ball pythons
  4 frilled lizards
  36 kobolds
  4 rats
318 creatures vanquished.

Vanquished Creatures (collateral kills)
  An orc warrior (Bailey)
1 creature vanquished.

Vanquished Creatures (others)
  An orc wizard (D:10)
  A butterfly (D:11)
  11 fungi
  54 plants
67 creatures vanquished.

Grand Total: 386 creatures vanquished

Notes
Turn   | Place    | Note
-------+----------+-------------------------------------------
     0 | D:1      | CryoSword the Tengu Air Elementalist began the quest for
                  | the Orb.
     0 | D:1      | Reached XP level 1. HP: 10/10 MP: 4/4
     2 | D:1      | Noticed a gargoyle
     2 | D:1      | Noticed an elf
     4 | D:1      | Noticed a tengu
     4 | D:1      | Noticed an armataur
     6 | D:1      | Noticed a troll
     8 | D:1      | Noticed a meteoran
     8 | D:1      | Noticed a demigod
    10 | D:1      | Noticed an ogre
    10 | D:1      | Noticed a formicid
    12 | D:1      | Noticed a draconian
    14 | D:1      | Noticed a naga
    14 | D:1      | Noticed a vampire
    16 | D:1      | Noticed a minotaur
    16 | D:1      | Noticed a vine stalker
    18 | D:1      | Noticed a demonspawn
    18 | D:1      | Noticed a ghoul
    20 | D:1      | Noticed a human
    20 | D:1      | Noticed an octopode
    22 | D:1      | Noticed a merfolk
    24 | D:1      | Noticed a felid
    24 | D:1      | Noticed a draconian
    26 | D:1      | Noticed a human
   550 | D:1      | Reached XP level 2. HP: 15/15 MP: 4/6
   992 | D:2      | Noticed Terence
  1161 | D:2      | Killed Terence
  1162 | D:2      | Reached XP level 3. HP: 15/19 MP: 0/7
  1268 | D:2      | Reached skill level 5 in Air Magic
  1268 | D:2      | Reached XP level 4. HP: 24/24 MP: 2/8
  1271 | D:2      | Learned a level 2 spell: Static Discharge
  1275 | D:2      | Learned a level 3 spell: Swiftness
  1549 | D:2      | Noticed Natasha
  1556 | D:2      | Killed Natasha
  2231 | D:2      | Noticed Natasha
  2240 | D:2      | Killed Natasha
  2241 | D:2      | Gained mutation: Your magical nature lets you fly swiftly
                  | and evasively. [Tengu growth]
  2241 | D:2      | Reached XP level 5. HP: 16/28 MP: 2/9
  2510 | D:3      | Identified the +0 robe of Proximity {Drain rN+ Str+4}
  3540 | D:4      | Reached skill level 6 in Air Magic
  3611 | D:4      | Reached XP level 6. HP: 32/32 MP: 3/10
  3866 | D:4      | Found a sacrificial altar of Ru.
  4049 | D:4      | Found a hazy altar of Hepliaklqana.
  4146 | D:5      | Entered Level 5 of the Dungeon
  4191 | D:5      | Reached skill level 5 in Conjurations
  4421 | D:5      | Reached XP level 7. HP: 29/36 MP: 3/11
  4512 | D:5      | Found Axuxkir's Antique Armour Boutique.
  4745 | D:5      | Reached skill level 7 in Air Magic
  5011 | D:5      | Learned a level 4 spell: Airstrike
  5625 | D:6      | Reached XP level 8. HP: 41/41 MP: 8/12
  5777 | D:6      | Found a staircase to the Ecumenical Temple.
  5785 | Temple   | Entered the Ecumenical Temple
  6158 | D:6      | Reached skill level 8 in Air Magic
  6417 | D:6      | Found a bloodstained altar of Trog.
  6823 | D:7      | Found a shimmering blue altar of Sif Muna.
  6830 | D:7      | Became a worshipper of Sif Muna the Loreminder
  6842 | D:7      | Got Sif Muna's Information on Resurrection
  6917 | D:7      | Found an opulent altar of Gozag.
  7187 | D:7      | Reached skill level 5 in Dodging
  7312 | D:7      | Reached skill level 9 in Air Magic
  7850 | D:8      | Reached skill level 5 in Stealth
  7850 | D:8      | Reached skill level 1 in Invocations
  8198 | D:8      | Reached * piety under Sif Muna
  8254 | D:8      | Reached XP level 9. HP: 42/45 MP: 7/13
  8395 | D:8      | Noticed Pikel
  8408 | D:8      | Killed Pikel
  8409 | D:8      | Reached skill level 10 in Air Magic
  8944 | D:9      | Noticed a troll
  8952 | D:9      | Killed a troll
  8953 | D:9      | Reached skill level 11 in Air Magic
  9146 | D:9      | Found a broken altar of Ashenzari.
  9172 | D:9      | Reached skill level 12 in Air Magic
  9172 | D:9      | Reached XP level 10. HP: 33/50 MP: 3/14
  9208 | D:9      | Reached skill level 1 in Fighting
  9247 | D:9      | Noticed Psyche
  9262 | D:9      | Killed Psyche
  9294 | D:9      | Found a flagged portal.
  9308 | Bailey   | Entered a bailey
  9594 | Bailey   | Found a bloodstained altar of Trog.
  9617 | Bailey   | Reached ** piety under Sif Muna
  9641 | Bailey   | Identified the +2 pair of boots of Iguqul {Dex+8}
 10232 | D:10     | Entered Level 10 of the Dungeon
 10403 | D:10     | Reached skill level 13 in Air Magic
 10544 | D:10     | Found the +7 Kryia's mail coat {PotionHeal*2 rC+}
 10996 | D:10     | Found a glowing silver altar of Zin.
 11113 | D:10     | HP: 2/56 [orc warrior/+0 battleaxe (17)]
 11231 | D:10     | Found an ornate altar of the Wu Jian Council.
 11309 | D:10     | Reached skill level 5 in Invocations
 11591 | D:10     | Reached XP level 11. HP: 62/62 MP: 9/15
 11743 | D:10     | Reached skill level 5 in Fighting
 11883 | D:10     | Found a staircase to the Orcish Mines.
 12151 | D:5      | Bought an embroidered cloak for 150 gold pieces
 12445 | D:11     | Noticed a two-headed ogre
 12446 | D:11     | Noticed a two-headed ogre
 12447 | D:11     | Found a bloodstained altar of Trog.
 12447 | D:11     | Noticed a two-headed ogre
 12447 | D:11     | Noticed a tengu warrior
 12447 | D:11     | Noticed a moth of wrath
 12448 | D:11     | Noticed a two-headed ogre
 12467 | D:11     | Found a transporter.
 12470 | D:11     | Found a transporter.
 12499 | D:11     | Noticed a manticore
 12513 | D:11     | Killed a manticore
 12513 | D:11     | Reached *** piety under Sif Muna
 12522 | D:11     | Noticed kush's ghost (journeyman TeAE)
 12533 | D:11     | Reached skill level 14 in Air Magic
 12793 | D:11     | Noticed Erolcha
 12832 | D:11     | HP: 1/64 [something (25)]
 13007 | D:11     | Noticed a manticore
 13017 | D:11     | Killed a manticore
 13018 | D:11     | Reached skill level 1 in Fire Magic
 13033 | D:11     | Reached skill level 1 in Armour
 13226 | D:11     | Noticed an ice dragon
 13317 | D:11     | Found a staircase to the Lair.
 13482 | D:11     | Killed an ice dragon
 13703 | D:11     | Found a white marble altar of Elyvilon.
 13748 | D:11     | Killed Erolcha
 14328 | Lair:1   | Entered Level 1 of the Lair of Beasts
 15044 | Lair:1   | Reached XP level 12. HP: 70/70 MP: 9/17
 15699 | Lair:1   | Reached skill level 15 in Air Magic
 16401 | Lair:2   | Noticed a six-headed hydra
 16407 | Lair:2   | Noticed Amaemon
 16409 | Lair:2   | Killed a six-headed hydra
 16475 | Lair:2   | Killed Amaemon
 16476 | Lair:2   | Reached skill level 5 in Fire Magic
 16582 | Lair:2   | Noticed Gastronok
 16604 | Lair:2   | Killed Gastronok
 16605 | Lair:2   | Reached skill level 5 in Armour
 16720 | Lair:2   | Noticed an eight-headed hydra
 16735 | Lair:2   | Killed an eight-headed hydra
 17096 | Lair:2   | Reached **** piety under Sif Muna
 17319 | Lair:2   | Noticed a six-headed hydra
 17385 | Lair:2   | Killed a six-headed hydra
 17521 | Lair:2   | Noticed an eight-headed hydra
 17571 | Lair:2   | Killed an eight-headed hydra
 17750 | Lair:2   | Noticed a six-headed hydra
 17754 | Lair:2   | Killed a six-headed hydra
 17755 | Lair:2   | Reached XP level 13. HP: 76/76 MP: 2/19
 17805 | Lair:2   | Learned a level 5 spell: Arcjolt
 17812 | Lair:2   | Learned a level 6 spell: Plasma Beam
 18212 | Lair:2   | Found a staircase to the Snake Pit.
 18494 | Lair:3   | Reached skill level 16 in Air Magic
 18656 | Lair:3   | Found a gate leading to a gauntlet.
 18701 | Lair:3   | Mangled by a skyshark

Illustrated notes

Levels and vault maps discovered:
D:1:      kb_arrival_jail, layout_basic, minmay_crystal_water
D:2:      layout_loops_ring, uniq_natasha, uniq_terence
D:3:      layout_basic, chequers_jeans
D:4:      wad_woods_tower, layout_cave_pools, nzn_hepliaklqana_mist_gate,
          mainiacjoe_overflow_alcove_4
D:5:      layout_basic, serial_shops, shop
D:6:      layout_layer_cave, marbit_many_paths, minmay_temple_entry_overgrown,
          kennysheep_generic_room_10
D:7:      layout_basic, led_sif_book, mainiacjoe_overflow_surrounded_room
D:8:      layout_basic, uniq_pikel
D:9:      layout_roguey, evilmike_ruin_ashenzari, enter_bailey_5, uniq_psyche
D:10:     layout_basic, nzn_wu_jian_contemplation, amcnicky_altar_gilded,
          erik_orc_2
D:11:     layout_loops_corners, hellmonk_lair_entry_icy,
          gammafunk_ghost_wrathful_warriors, nicolae_elyvilon_peaceful_grove,
          uniq_erolcha
D:12:     layout_stronghold
Temple:   eino_narrow_crystal_temple
Lair:1:   layout_chaotic_city, serial_bayou_shore_b, lemuel_fruit_fields
Lair:2:   layout_regular_city, dummy_snake_entry, uniq_amaemon, uniq_gastronok
Lair:3:   layout_chaotic_city, nicolae_shoals_entry_roost,
          gauntlet_entry_generic, grunt_megastairs_4

Skill      XL: |  1  2  3  4  5  6  7  8  9 10 11 12 13 |
---------------+----------------------------------------+-----
Conjurations   | 2 3 4 5 6 8 |  8.0
Air Magic      | 5 6 7 9 12 13 14 15 16 | 16.1
Dodging        | 3 4 5 7 8 9 |  9.7
Stealth        | 3 4 5 |  5.0
Invocations    | 1 3 5 6 |  6.9
Fighting       | 4 6 7 |  7.3
Fire Magic     | 4 6 7 |  7.1
Armour         | 4 6 7 |  7.0
Spellcasting   | 3 4 |  4.1

Action                     |  1- 3 |  4- 6 |  7- 9 | 10-12 | 13-15 || total
---------------------------+-------+-------+-------+-------+-------++-------
  Melee: Dagger            |    16 |    11 |    17 |       |       ||    44
         Kick              |     4 |     3 |    15 |   117 |    27 ||   166
         Peck              |     2 |     2 |     6 |    70 |    13 ||    93
         Short sword       |       |       |    28 |   260 |    54 ||   342
         Unarmed           |       |       |       |     8 |       ||     8
         Punch             |       |       |       |     2 |       ||     2
  Throw: Dart              |       |       |       |     1 |       ||     1
   Cast: Shock             |    39 |   153 |   149 |   205 |       ||   546
         Static Discharge  |       |     6 |    27 |    77 |       ||   110
         Airstrike         |       |       |     5 |   103 |    10 ||   118
         Arcjolt           |       |       |       |       |    10 ||    10
 Invoke: Channel Magic     |       |       |       |     2 |     1 ||     3
         Forget Spell      |       |       |       |       |     2 ||     2
    Use: Scroll            |       |     4 |     4 |     4 |    10 ||    22
         Potion            |       |       |       |     5 |       ||     5
   Stab: Sleeping          |     3 |       |     3 |       |       ||     6
 Armour: Robe              |     3 |     9 |    14 |     5 |       ||    31
         Scale mail        |       |       |       |   194 |    46 ||   240
         Troll leather arm |       |       |       |     3 |       ||     3
         Skin              |       |       |       |     1 |       ||     1
  Dodge: Dodged            |    11 |    30 |    87 |   407 |    49 ||   584

Table legend: (Time is in decaauts)
 A = Elapsed time spent in this place.
 B = Non-inter-level travel time spent in this place.
 C = Inter-level travel time spent in this place.
 D = Time resting spent in this place.
 E = Time spent auto-exploring this place.
 F = Levels seen in this place.
 G = Mean time per level.
                   A        B        C        D        E       F      G
               +--------+--------+--------+--------+--------+-----+--------+
         Total |  17854 |  16751 |   1103 |   1298 |  12246 |  17 | 1050.2 |
       Dungeon |  13561 |  12573 |    988 |    986 |   9248 |  12 | 1130.1 |
        Temple |    162 |    151 |     11 |      0 |    144 |   1 |  162.0 |
          Lair |   3783 |   3680 |    103 |    132 |   2819 |   3 | 1261.0 |
        Bailey |    347 |    347 |      0 |    180 |     33 |   1 |  347.0 |
               +--------+--------+--------+--------+--------+-----+--------+

Top non-repeatable levels by time:
    D:11: 2019 daAuts
  Lair:2: 1916 daAuts
    D:10: 1632 daAuts
  Lair:1: 1514 daAuts
     D:6: 1313 daAuts
     D:2: 1302 daAuts
     D:8: 1240 daAuts
     D:7: 1217 daAuts
     D:9: 1127 daAuts
     D:4: 1072 daAuts
     D:1: 1014 daAuts
     D:5: 958 daAuts
     D:3: 659 daAuts
  Lair:3: 352 daAuts
  Bailey: 347 daAuts
